 Dungeon Crawl Stone Soup version 0.20.0-8-g6b59dc7 (webtiles) character file.

49329 Lochraine the Thaumaturge (level 14, -7/86 HPs)
             Began as a Deep Elf Conjurer on June 1, 2017.
             Was a High Priest of Sif Muna.
             Killed from afar by a lindwurm (31 damage)
             ... with a blast of flame
             ... on level 6 of the Lair of Beasts.
             The game lasted 01:15:52 (21913 turns).

Lochraine the Thaumaturge (Deep Elf Conjurer)      Turns: 21913, Time: 01:15:53

Health: -7/86      AC: 12    Str:  5    XL:     14   Next: 15%
Magic:  21/33      EV: 19    Int: 35    God:    Sif Muna [*****.]
Gold:   977        SH:  5    Dex: 15    Spells: 6/40 levels left

rFire    . . .     SeeInvis .   H - +7 mace of Eternal Harmony {crush, *Drain rElec Int+6}
rCold    . . .     Gourm    .   O - +0 buckler
rNeg     . . .     Faith    .   P - +0 troll leather armour
rPois    .         Spirit   .   C - +2 helmet {Int+3}
rElec    +         Reflect  .   R - +2 cloak
rCorr    .         Harm     .   m - +0 pair of gloves
MR       +....                  p - +0 pair of boots
Stlth    ++........             Y - amulet of rage
Regen    0.7/turn               h - +5 ring of slaying
MPRegen  0.3/turn               l - +5 ring of slaying

@: lethally poisoned (-7 -> -7), slowed, divine energy, very slow
A: no striking features
a: Stop Divine Energy, Channel Magic, Forget Spell, Renounce Religion, Evoke
Berserk Rage


You were on level 6 of the Lair of Beasts.
You worshipped Sif Muna.
Sif Muna was extremely pleased with you.
You were not hungry.

You visited 2 branches of the dungeon, and saw 18 of its levels.
You also visited: Ossuary and Ice Cave.

You collected 1197 gold pieces.
You spent 220 gold pieces at shops.

Inventory:

Hand Weapons
 H - the +7 mace of Eternal Harmony (weapon) {crush, *Drain rElec Int+6}
   (You found it on level 7 of the Dungeon)

   It inflicts extra damage upon your enemies.
   It affects your intelligence (+6).
   It insulates you from electricity.
   It causes draining when unequipped.
 I - the +7 mace of Yhiufet {freeze, MR+ Dex+5}
   (You found it on level 7 of the Dungeon)

   It has been specially enchanted to freeze those struck by it, causing extra
   injury to most foes and up to half again as much damage against particularly
   susceptible opponents.
   It can also slow down cold-blooded creatures.
   It affects your dexterity (+5).
   It affects your resistance to hostile enchantments.
 K - a +0 falchion of electrocution
   (You took it off an orc on level 4 of the Dungeon)
Armour
 m - a +0 pair of gloves (worn)
   (You found it on level 10 of the Dungeon)
 p - a +0 pair of boots (worn)
   (You found it on level 1 of the Lair of Beasts)
 C - a +2 helmet of intelligence (worn)
   (You acquired it on level 11 of the Dungeon)
 O - a +0 buckler (worn)
   (You found it on level 10 of the Dungeon)
 P - a +0 troll leather armour (worn)
   (You found it on level 10 of the Dungeon)
 R - a +2 cloak (worn)
   (You found it on level 10 of the Dungeon)
Jewellery
 h - a +5 ring of slaying (left hand)
   (You found it on level 1 of the Dungeon)
 l - a +5 ring of slaying (right hand)
   (You found it on level 10 of the Dungeon)
 s - an uncursed ring of ice
   (You found it on level 9 of the Dungeon)
 z - an uncursed ring of see invisible
   (You found it on level 6 of the Lair of Beasts)
 T - an uncursed ring of protection from fire
   (You found it on level 1 of the Lair of Beasts)
 Y - an amulet of rage (around neck)
   (You found it on level 2 of the Lair of Beasts)
Wands
 d - a wand of iceblast (8/15)
   (You found it on level 6 of the Dungeon)
 u - a wand of paralysis (5/24)
   (You found it on level 5 of the Lair of Beasts)
 v - a wand of digging (7/24)
   (You found it on level 8 of the Dungeon)
 x - a wand of acid (12/15)
   (You found it on level 5 of the Dungeon)
 y - a wand of enslavement (7/24)
   (You found it on level 6 of the Lair of Beasts)
Scrolls
 b - 13 scrolls of teleportation {@r4}
 e - 3 scrolls of enchant weapon
 f - 2 scrolls of immolation {!r}
 j - 11 scrolls of remove curse {@r2}
 n - a scroll of enchant armour
 o - 4 scrolls of identify {@r1}
 J - 2 scrolls of recharging
 L - a scroll of blinking
 N - 2 scrolls of magic mapping
Potions
 c - 3 potions of might
 g - 5 potions of curing {@q1}
 k - 4 potions of mutation {!q}
 w - 5 potions of brilliance
 A - a potion of cancellation {unknown}
 B - 3 potions of heal wounds {@q2}
 D - 2 potions of ambrosia
 E - a potion of agility {unknown}
 G - 2 potions of haste {@q3}
 Q - a potion of invisibility {unknown}
 U - a potion of berserk rage {unknown}
 V - 2 potions of lignification {!q}
 X - a potion of magic {unknown}
Books
 M - a book of Cantrips
   (You found it on level 9 of the Dungeon)
 W - Sif Muna's Compendium of Beguiling
   (Sif Muna gifted it to you on level 6 of the Lair of Beasts)

   Spells                             Type                      Level
   a - Corona                         Hexes                        1
   b - Ensorcelled Hibernation        Hexes/Ice                    2
   c - Spectral Weapon                Hexes/Charms                 3
   d - Cause Fear                     Hexes                        4
 Z - a book of Beasts
   (Sif Muna gifted it to you on level 4 of the Lair of Beasts)
Miscellaneous
 a - a lightning rod (4/4) {!a}
   (You found it on level 10 of the Dungeon)
Comestibles
 q - 16 bread rations
 r - 27 fruits
 t - 7 meat rations
 F - 14 royal jellies
 S - 3 chunks of flesh


   Skills:
 + Level 9.2 Fighting
 + Level 12.4 Dodging
 - Level 2.4 Stealth
 - Level 4.0 Shields
 + Level 13.5 Spellcasting
 + Level 11.1 Conjurations
 * Level 12.0 Hexes
 - Level 2.7 Translocations
 - Level 2.9 Ice Magic
 - Level 6.3 Air Magic
 - Level 7.0 Invocations


You had 6 spell levels left.
You knew the following spells:

 Your Spells              Type           Power        Failure   Level  Hunger
a - Magic Dart            Conj           ####         1%          1    None
b - Iskenderun's Mystic   Conj           #######.     1%          4    None
c - Dazzling Spray        Conj/Hex       ######       1%          3    None
d - Searing Ray           Conj           ######       1%          2    None
e - Force Lance           Conj/Tloc      ######..     1%          4    None
f - Fulminant Prism       Conj/Hex       #######...   1%          4    None
g - Lightning Bolt        Conj/Air       ######....   2%          5    None
h - Metabolic Englaciati  Hex/Ice        ######....   3%          5    None
s - Swiftness             Chrm/Air       #####...     1%          2    None
z - Summon Lightning Spi  Summ/Air       #####...     8%          4    None


Dungeon Overview and Level Annotations

Branches:
Dungeon (12/15)            Temple (0/1) D:7            Lair (6/6) D:11
  Swamp (0/4) Lair:2       Spider (0/4) Lair:4        Slime (0/5) Lair:5
    Orc (0/2) D:10

Altars:
Elyvilon
Fedhas
Kikubaaqudgha
Makhleb
Nemelex Xobeh
Ru
Sif Muna
Uskayaw
Vehumet
Xom
Zin
Jiyva

Shops:
D:4 =   D:5 [*}?*   D:10 (   D:11 [

Annotations:
D:5 1 runed door
Lair:5 1 runed door, exclusion: 2 oklob plants
Lair:6 1 runed door


Message History

You feel as though you will be slow longer.
You can move again.
Unknown command.
You are unable to access your magic!
You feel sick. The lindwurm breathes flames at you.
The blast of flame hits you!
* * * LOW HITPOINT WARNING * * *
The hornet closely misses you. The lindwurm bites you!
* * * LOW HITPOINT WARNING * * *
The lindwurm claws you but does no damage.
You block the lindwurm's attack.
Okay, then.
Okay, then.
Unknown command.
Unknown command.
As you read the scroll of fear, it crumbles to dust.
You assume a fearsome visage.
The hornet looks frightened! x2
The tyrant leech looks frightened!
The lindwurm looks frightened!
The torpor snail looks frightened!
You feel less invigorated.
You feel sick.
Cornered, the hornet turns to fight!
The hornet stings you but does no damage.
Your magical contamination has completely faded away.
You are unable to access your magic!
There isn't anything here!
Unknown command.
Unknown command.
You are unable to access your magic!
Unknown command.
Unknown command.
Unknown command.
You regain access to your magic.
You feel sick.
The hornet stings you but does no damage.
Aim: a hornet (severely wounded)
The lance of force hits the hornet.
You kill the hornet!
Sif Muna accepts your kill.
The hornet buzzes angrily.
You feel sick.
Cornered, the lindwurm turns to fight!
Aim: a lindwurm (heavily wounded)
The orb of energy misses the lindwurm.
The orb of energy hits the torpor snail.
Your attack snaps the torpor snail out of its fear.
You feel sick.
Aim: a hornet The orb of energy hits the hornet.
You feel sick. The lindwurm breathes flames at you.
The blast of flame hits you!
You die...

##### # ###kw.####
### #
##......y.#####...
#####
##...###..y†.##....
....# ###.@y##
##.....#..# ##..###
#⌠..##.#
#.##.y...## ##....#
##...###
####.#....##
##....# +#...###
####..... .#....#
###...# ##....
......# #..## ##.P.
##....## ##..###
..# ##.....# #....#
.#. ##....##
#####..## ###


You could see a torpor snail, a lindwurm and a hornet.

Vanquished Creatures
  Erolcha (D:10)
  3 hydras
  A queen ant (D:11)
  2 unseen horrors (D:10)
  An orb spider (Lair:4)
  A wolf spider (Lair:6)
  7 black mambas
  Maurice (D:10)
  6 elephants
  3 torpor snails
  The ghost of Rekenzichi the Poker, a novice DrGl (D:6)
  A guardian serpent (Lair:6)
  14 spiny frogs
  11 komodo dragons
  3 rime drakes
  A troll (D:10)
  A tyrant leech (Lair:6)
  3 polar bears
  6 hornets (Lair:6)
  21 blink frogs
  11 hippogriffs
  6 dream sheep (Lair:4)
  11 wyverns
  3 redbacks (Lair:6)
  A wraith (D:11)
  26 yaks
  3 basilisks
  Grum (D:11)
  A hungry ghost (D:7)
  A steam dragon (Lair:2)
  2 vampire mosquitoes (D:11)
  20 soldier ants (D:11)
  18 water moccasins
  10 porcupines
  4 orc warriors
  2 sky beasts
  An ice beast (D:11)
  9 ogres
  A black bear (D:6)
  4 phantoms
  22 wolves
  6 centaurs
  An eye of draining (D:11)
  7 crocodiles
  4 big kobolds (D:8)
  11 bullfrogs
  A water moccasin zombie (D:8)
  A wyvern skeleton (D:9)
  4 scorpions
  3 killer bees (D:8)
  8 wights
  2 electric eels
  A howler monkey (D:11)
  5 crimson imps
  A bullfrog zombie (D:6)
  4 centaur zombies
  7 orc priests
  5 jellies
  3 gnoll shamans (D:8)
  4 hounds
  8 orc wizards
  6 iguanas
  Crazy Yiuf (D:7)
  Jessica (D:3)
  5 hell rats
  24 worker ants
  A hound zombie (D:7)
  4 hound skeletons
  6 mummies
  A howler monkey skeleton (D:4)
  15 gnolls
  12 adders
  10 river rats
  2 shadow imps
  6 oozes
  2 adder skeletons
  2 worms
  3 dart slugs
  7 leopard geckos
  35 orcs
  4 ball pythons
  8 bats
  5 giant cockroaches
  4 goblins
  6 hobgoblins
  7 jackals
  5 quokkas
  5 frilled lizards
  A goblin zombie (D:6)
  4 hobgoblin zombies
  14 kobolds
  9 rats
  2 fungi
  A plant (Lair:6)
549 creatures vanquished.

Vanquished Creatures (collateral kills)
  A wyvern (Lair:6)
  4 yaks
  A black bear (D:11)
  3 wolves (Lair:6)
  A bullfrog (Lair:1)
10 creatures vanquished.

Vanquished Creatures (others)
  The ghost of Rekenzichi the Poker, an amateur DrGl (D:5)
  A yak (IceCv)
  A wolf (IceCv)
  A scorpion (D:6)
  A big kobold zombie (Ossuary)
  A mummy (Ossuary)
  18 fulminant prisms
  20 fungi
  29 plants
73 creatures vanquished.

Grand Total: 632 creatures vanquished

Notes
Turn   | Place    | Note
-------+----------+-------------------------------------------
     0 | D:1      | Lochraine the Deep Elf Conjurer began the quest for the Orb.
     0 | D:1      | Reached XP level 1. HP: 10/10 MP: 6/6
   541 | D:1      | Reached XP level 2. HP: 15/15 MP: 6/8
   696 | D:1      | Learned a level 2 spell: Searing Ray
   864 | D:1      | Reached skill level 4 in Spellcasting
  1084 | D:2      | Reached XP level 3. HP: 12/19 MP: 10/10
  1223 | D:2      | Found a shimmering altar of Xom.
  1264 | D:2      | Learned a level 3 spell: Dazzling Spray
  1296 | D:2      | Reached skill level 5 in Conjurations
  1524 | D:2      | Found a glowing silver altar of Zin.
  1571 | D:2      | Reached XP level 4. HP: 15/24 MP: 6/12
  1629 | D:2      | Learned a level 4 spell: Iskenderun's Mystic Blast
  1780 | D:3      | Found a white marble altar of Elyvilon.
  1797 | D:3      | Found a deep blue altar of Sif Muna.
  1798 | D:3      | Found an ancient bone altar of Kikubaaqudgha.
  1798 | D:3      | Found a hide-covered altar of Uskayaw.
  1798 | D:3      | Found a sacrificial altar of Ru.
  1799 | D:3      | Found a sparkling altar of Nemelex Xobeh.
  1809 | D:3      | Became a worshipper of Sif Muna the Loreminder
  1839 | D:3      | Reached skill level 5 in Spellcasting
  2004 | D:3      | Noticed Jessica
  2013 | D:3      | Killed Jessica
  2013 | D:3      | Reached XP level 5. HP: 28/28 MP: 1/15
  3095 | D:4      | Found a white marble altar of Elyvilon.
  3100 | D:4      | Noticed an ogre
  3113 | D:4      | Killed an ogre
  3113 | D:4      | Reached skill level 6 in Spellcasting
  3121 | D:4      | Reached XP level 6. HP: 32/32 MP: 0/17
  3331 | D:4      | Learned a level 4 spell: Force Lance
  3580 | D:4      | Found Soziohuxt's Jewellery Emporium.
  3705 | D:4      | Reached skill level 1 in Translocations
  3875 | D:5      | Entered Level 5 of the Dungeon
  3879 | D:5      | Noticed Rekenzichi's ghost (amateur DrGl)
  3890 | D:5      | Banished Rekenzichi's ghost
  3890 | D:5      | Reached * piety under Sif Muna
  3890 | D:5      | Reached skill level 1 in Fighting
  3890 | D:5      | Reached skill level 7 in Spellcasting
  3890 | D:5      | Reached XP level 7. HP: 23/38 MP: 1/19
  4004 | D:5      | Found a white marble altar of Elyvilon.
  4004 | D:5      | Found a runed door.
  4004 | D:5      | Noticed an angel
  4109 | D:5      | Found Poijat's Assorted Antiques.
  4112 | D:5      | Bought a blackened leather armour for 140 gold pieces
  4112 | D:5      | Bought a scroll labeled JOSKUBR JODA for 20 gold pieces
  4112 | D:5      | Identified the +3 leather armour of Chimes {*Corrode *Slow rElec rPois} (You bought it in a shop on level 5 of the Dungeon)
  4116 | D:5      | Found Hiwnunne's Armour Boutique.
  4162 | D:5      | Learned a level 4 spell: Fulminant Prism
  4365 | D:5      | Found Carghuc's Gadget Shoppe.
  4395 | D:5      | Found Buakhlih's Assorted Antiques.
  4417 | D:5      | Bought a scroll labeled ZOUTIL MAULET for 22 gold pieces
  4417 | D:5      | Bought a metallic purple potion for 19 gold pieces
  4417 | D:5      | Bought an emerald potion for 19 gold pieces
  4506 | D:5      | Found Kunkyek's Magic Scroll Shoppe.
  4650 | D:6      | Found a sand-covered staircase.
  4651 | D:6      | Reached skill level 1 in Hexes
  4675 | Ossuary  | Entered an ossuary
  4873 | Ossuary  | Reached XP level 8. HP: 26/45 MP: 7/21
  5274 | D:6      | Noticed Rekenzichi's ghost (novice DrGl)
  5300 | D:6      | Killed Rekenzichi's ghost
  5300 | D:6      | Reached ** piety under Sif Muna
  5300 | D:6      | Reached skill level 8 in Spellcasting
  5418 | D:6      | Learned a level 2 spell: Swiftness
  6394 | D:7      | Found a staircase to the Ecumenical Temple.
  6427 | D:7      | Reached skill level 9 in Spellcasting
  6545 | D:7      | Reached skill level 5 in Dodging
  6545 | D:7      | Reached XP level 9. HP: 38/52 MP: 10/24
  7021 | D:7      | Found a runed door.
  7080 | D:7      | Got a pitted mace
  7081 | D:7      | Identified the +7 mace of Eternal Harmony {crush, *Drain rElec Int+6} (You found it on level 7 of the Dungeon)
  7113 | D:7      | Learned a level 5 spell: Lightning Bolt
  7236 | D:7      | Noticed Crazy Yiuf
  7237 | D:7      | Killed Crazy Yiuf
  7237 | D:7      | Reached skill level 1 in Air Magic
  7240 | D:7      | Got a translucent mace
  7308 | D:7      | Identified the +7 mace of Yhiufet {freeze, MR+ Dex+5} (You found it on level 7 of the Dungeon)
  7538 | D:8      | Reached *** piety under Sif Muna
  8480 | D:8      | Reached XP level 10. HP: 49/58 MP: 1/25
  8693 | D:8      | Reached skill level 5 in Fighting
  8837 | D:8      | Reached skill level 5 in Air Magic
  9430 | D:9      | Reached **** piety under Sif Muna
 10085 | D:10     | Entered Level 10 of the Dungeon
 10695 | D:10     | Reached skill level 1 in Invocations
 10739 | D:10     | Noticed Maurice
 10742 | D:10     | Killed Maurice
 10742 | D:10     | Reached skill level 1 in Shields
 10776 | D:10     | Killed an unseen horror
 10793 | D:10     | HP: 2/60 [something (10)]
 11308 | D:10     | Found Egrua's Antique Weapon Shop.
 11324 | D:10     | Found a staircase to the Orcish Mines.
 11419 | D:10     | Reached XP level 11. HP: 54/64 MP: 11/26
 11448 | D:10     | Noticed Erolcha
 11454 | D:10     | Killed Erolcha
 11667 | D:10     | Killed an unseen horror
 11739 | D:10     | Found a blossoming altar of Fedhas.
 11849 | D:11     | Noticed Grum
 11852 | D:11     | Killed Grum
 11973 | D:11     | Noticed a queen ant
 11984 | D:11     | Killed a queen ant
 11984 | D:11     | Reached skill level 10 in Spellcasting
 12053 | D:11     | Reached skill level 5 in Invocations
 12374 | D:11     | Identified a scroll of acquirement
 12644 | D:11     | Reached ***** piety under Sif Muna
 12690 | D:11     | Found Xuppei Geid's Antique Armour Shop.
 12767 | D:11     | Identified Sif Muna's Disquisition on Mutagenic Lightness (Sif Muna gifted it to you on level 11 of the Dungeon)
 12767 | D:11     | Received a gift from Sif Muna
 12992 | D:11     | Learned a level 4 spell: Summon Lightning Spire
 13021 | D:11     | Found a staircase to the Lair.
 13037 | D:11     | Reached XP level 12. HP: 72/72 MP: 21/28
 13315 | D:11     | Reached skill level 10 in Dodging
 13412 | Lair:1   | Entered Level 1 of the Lair of Beasts
 13424 | Lair:1   | Reached skill level 11 in Spellcasting
 13657 | Lair:1   | Found a radiant altar of Vehumet.
 14086 | Lair:1   | Found a frozen archway.
 14097 | IceCv    | Entered an ice cave
 14801 | Lair:2   | Reached skill level 5 in Hexes
 15108 | Lair:2   | Found a staircase to the Swamp.
 16011 | Lair:3   | Reached skill level 12 in Spellcasting
 16122 | Lair:3   | Learned a level 5 spell: Metabolic Englaciation
 16215 | Lair:3   | Reached skill level 1 in Ice Magic
 16354 | Lair:3   | Noticed a seven-headed hydra
 16365 | Lair:3   | Killed a seven-headed hydra
 16997 | Lair:4   | Received a gift from Sif Muna
 17042 | Lair:4   | Reached skill level 10 in Conjurations
 17079 | Lair:4   | Reached XP level 13. HP: 79/79 MP: 10/31
 17263 | Lair:4   | Found a hole to the Spider Nest.
 18386 | Lair:5   | Found a staircase to the Slime Pits.
 18402 | Lair:5   | Found a viscous altar of Jiyva.
 18946 | Lair:5   | Reached skill level 13 in Spellcasting
 19198 | Lair:5   | Found a runed door.
 19812 | Lair:6   | Entered Level 6 of the Lair of Beasts
 19828 | Lair:6   | Reached skill level 10 in Hexes
 20373 | Lair:6   | Identified Sif Muna's Compendium of Beguiling (Sif Muna gifted it to you on level 6 of the Lair of Beasts)
 20373 | Lair:6   | Received a gift from Sif Muna
 20894 | Lair:6   | Found a burning altar of Makhleb.
 20934 | Lair:6   | Paralysed by a hornet for 1 turns
 21105 | Lair:6   | Reached XP level 14. HP: 86/86 MP: 4/33
 21862 | Lair:6   | Found a runed door.
 21906 | Lair:6   | Paralysed by a hornet for 2 turns
 21913 | Lair:6   | Killed from afar by a lindwurm

Skill      XL: |  1  2  3  4  5  6  7  8  9 10 11 12 13 14 |
---------------+-------------------------------------------+-----
Spellcasting   | 4 5 6 7 9 10 12 13 | 13.5
Conjurations   | 5 6 7 8 9 10 11 | 11.1
Translocations | 2 |  2.7
Fighting       | 1 2 3 4 6 7 8 9 |  9.2
Hexes          | 1 3 7 11 12 | 12.0
Dodging        | 5 6 8 9 11 12 | 12.4
Air Magic      | 4 6 |  6.3
Invocations    | 2 6 7 |  7.0
Shields        | 2 4 |  4.0
Ice Magic      | 2 |  2.9
Stealth        | |  2.4

Action                   |  1- 3 |  4- 6 |  7- 9 | 10-12 | 13-15 || total
-------------------------+-------+-------+-------+-------+-------++-------
Melee: Long sword        |    13 |    11 |       |       |       ||    24
       Whip              |       |    13 |   119 |       |       ||   132
       Mace              |       |       |    37 |   366 |   221 ||   624
 Cast: Magic Dart        |    65 |    79 |   176 |   129 |    29 ||   478
       Iskenderun's Myst |       |    12 |    19 |   130 |    94 ||   255
       Searing Ray       |       |     1 |     3 |       |       ||     4
       Force Lance       |       |       |     8 |    21 |    16 ||    45
       Fulminant Prism   |       |       |     7 |     8 |     3 ||    18
       Dazzling Spray    |       |       |    10 |     9 |    26 ||    45
       Lightning Bolt    |       |       |     2 |    31 |    18 ||    51
       Summon Lightning  |       |       |       |     3 |     5 ||     8
       Metabolic Englaci |       |       |       |     2 |     5 ||     7
Invok: Divine Energy     |       |       |     1 |       |       ||     1
       Channel Magic     |       |       |       |       |     1 ||     1
Evoke: Wand              |       |       |       |       |     1 ||     1
  Use: Scroll            |     4 |     1 |    13 |    15 |     8 ||    41
       Potion            |       |       |       |     3 |     1 ||     4
 Stab: Sleeping          |     1 |       |     5 |     4 |       ||    10
       Held in net/web   |       |       |     1 |       |       ||     1
       Distracted        |       |       |     1 |     4 |       ||     5
       Invisible         |       |       |       |       |     2 ||     2
  Eat: Chunk             |     2 |     8 |    15 |    29 |    13 ||    67
       Royal jelly       |       |       |     1 |       |       ||     1
       Fruit             |       |       |       |     2 |     3 ||     5
Armor: Robe              |     3 |     3 |       |       |       ||     6
       Leather armour    |       |       |    31 |    36 |       ||    67
       Troll leather arm |       |       |       |    86 |    84 ||   170
Dodge: Dodged            |    12 |    11 |   135 |   307 |   339 ||   804
Block: Buckler           |       |       |       |    66 |    95 ||   161
       Rpst.: Long sword |     3 |     2 |       |       |       ||     5
